AoeStats
← Chino Mala Gente

Arabia

509901161Analyzed
1v1 RM · 4d ago on Sep 28, 2026· 47m 37s· 2 players
Game mode
Random Map
Map size
Tiny (2 player)
Population
200
Speed
Normal
Resources
Standard
Victory
Conquest
Starting age
Dark Age
Ending age
Imperial Age
RankedLock teamsTeams togetherTeam positionsShared explorationLock speedFull tech treeHidden civsTurbo modeCheats
Victory
Defeat
🇨🇭 Spanish · Switzerland
1293
+14
🇨🇴 Mongols · Colombia
1254
-14
jantotu
8:09 Loom
10:29 Feudal Age
20:29 Castle Age
18:58 Double-Bit Axe
20:55 Pikeman
32:59 Scale Barding Armor
33:19 Bow Saw
35:38 Bloodlines
36:13 Wheelbarrow
36:41 Padded Archer Armor
40:39 Imperial Age
39:29 Horse Collar
40:17 Forging
40:59 Cavalier
42:18 Leather Archer Armor
45:28 Hand Cart
Chino Mala Gente
4:31 Loom
7:22 Feudal Age
18:38 Castle Age
19:04 Double-Bit Axe
20:00 Fletching
21:36 Bodkin Arrow
21:41 Padded Archer Armor
22:05 Bloodlines
21:56 Husbandry
21:30 Light Cavalry
24:01 Wheelbarrow
23:01 Elite Skirmisher
31:30 Leather Archer Armor
35:08 Ballistics
45:15 Imperial Age
Connection lost

Rejoining the realm…

Still unreachable

The connection could not be restored.

Session expired

The server has moved on; the page needs a fresh start.